 Dungeon Crawl Stone Soup version 0.30-a0-778-g2ef04afb54 (webtiles) character file.

Game seed: 1781444657369005790

33754 Dirtsage the Fencer (level 13, -1/98 HPs)
             Began as a Demonspawn Gladiator on Feb 16, 2023.
             Was an Elder of Wu Jian.
             Slain by a cane toad (8 damage)
             ... on level 4 of the Lair of Beasts.
             The game lasted 00:43:31 (18486 turns).

Dirtsage the Fencer (Demonspawn Gladiator)         Turns: 18486, Time: 00:43:32

Health: -1/98      AC: 23    Str: 15    XL:     13   Next: 38%
Magic:  13/13      EV: 13    Int: 13    God:    Wu Jian [****..]
Gold:   944        SH: 15    Dex: 19    Spells: 12/12 levels left

rFire   + . .      SeeInvis +    A - +0 double sword of the Valley of Death {heavy, Int+3}
rCold   . . .      Faith    .    K - +2 kite shield
rNeg    . . .      Spirit   .    J - +3 troll leather armour {Snorg}
rPois   +          Reflect  .    r - +1 helmet {SInv}
rElec   .          Harm     .    C - scarf {repulsion}
rCorr   .          Rampage  .    Q - +0 pair of gloves
Will    .....                    k - +0 pair of boots
Stlth   +                        (no amulet)
HPRegen 1.16/turn                P - ring of poison resistance
MPRegen 0.26/turn                F - ring of protection from fire

@: sanguine armoured, repel missiles
A: hooves 2, magic regeneration, sanguine armour 3
a: Renounce Religion, Wall Jump, Serpent's Lash


You were on level 4 of the Lair of Beasts.
You worshipped Wu Jian.
Wu Jian was greatly pleased with you.
You visited 3 branches of the dungeon, and saw 16 of its levels.
You also visited: Sewer.

You collected 944 gold pieces.

Inventory:

Hand Weapons
 g - a +2 short sword of draining
 A - the +0 double sword of the Valley of Death (weapon) {heavy, Int+3}
   (You acquired it on level 9 of the Dungeon)

   Int:       It affects your intelligence (+3).
 Y - a +3 long sword of freezing
Missiles
 b - 4 atropa-tipped darts
 p - 2 throwing nets (quivered)
 G - a curare-tipped dart
Armour
 k - a +0 pair of boots (worn)
 r - a +1 helmet of see invisible (worn)
 C - a scarf of repulsion (worn)
 J - a +3 troll leather armour (worn) {Snorg}
 K - a +2 kite shield (worn)
 Q - a +0 pair of gloves (worn)
 V - +0 swamp dragon scales
Jewellery
 F - a ring of protection from fire (right hand)
 I - a ring of protection from cold
 P - a ring of poison resistance (left hand)
Wands
 a - a wand of mindburst (11)
 e - a wand of light (7)
 y - a wand of flame (35)
 D - a wand of digging (9)
 N - a wand of paralysis (4)
 S - a wand of roots (12)
 W - a wand of polymorph (13)
Scrolls
 c - 2 scrolls of torment {unknown}
 h - 2 scrolls of enchant weapon {unknown}
 m - a scroll of poison
 o - 2 scrolls of magic mapping
 t - 4 scrolls of teleportation
 v - 2 scrolls of silence {unknown}
 w - 2 scrolls of butterflies {unknown}
 z - 5 scrolls of enchant armour
 B - 5 scrolls of blinking
 M - a scroll of brand weapon
 R - 4 scrolls of amnesia
 U - 2 scrolls of fear {unknown}
Potions
 d - 3 potions of might
 f - a potion of cancellation
 j - 8 potions of brilliance
 l - 6 potions of heal wounds
 n - a potion of resistance
 q - 6 potions of curing
 s - a potion of attraction
 u - 2 potions of haste {unknown}
 x - 3 potions of magic {unknown}
 E - 4 potions of lignification
 H - a potion of invisibility {unknown}
 L - 2 potions of mutation {unknown}
 O - a potion of berserk rage {unknown}
 T - a potion of degeneration {unknown}
 X - a potion of ambrosia
 Z - a potion of flight


   Skills:
 - Level 7.8 Fighting
 * Level 15.7 Long Blades
 - Level 1.7 Throwing
 - Level 5.2 Dodging
 * Level 12.0 Shields


You had 12 spell levels left.
You didn't know any spells.
Your spell library contained the following spells:

 Spells                   Type           Power      Damage    Failure   Level
 Freeze                   Ice            0%         1d3       61%         1
 Magic Dart               Conj           0%         1d3       61%         1
 Necrotise                Necr           0%         1d4       61%         1
 Call Imp                 Summ           0%         N/A       75%         2
 Ensorcelled Hibernation  Hex/Ice        0%         N/A       75%         2
 Passwall                 Tmut/Erth      0%         N/A       75%         2
 Scorch                   Fire           0%         2d5       75%         2
 Searing Ray              Conj           0%         2d4       75%         2
 Frozen Ramparts          Ice            0%         1d1       93%         3
 Hailstorm                Conj/Ice       0%         3d3       93%         3
 Ignite Poison            Fire/Tmut/Pois 0%         N/A       93%         3
 Mephitic Cloud           Conj/Pois/Air  0%         N/A       93%         3
 Swiftness                Air            0%         N/A       93%         3
 Vampiric Draining        Necr           0%         2d6       93%         3
 Flame Wave               Conj/Fire      0%         2d4       100%        4
 Fulminant Prism          Conj/Hex       0%         3d5       100%        4
 Sticky Flame             Conj/Fire      0%         2d3       100%        4
 Agony                    Necr           0%         N/A       100%        5
 Summon Cactus Giant      Summ           0%         N/A       100%        6
 Ignition                 Fire           0%         3d3       100%        8


Dungeon Overview and Level Annotations

Branches:
Dungeon (10/15)            Temple (1/1) D:4            Lair (5/5) D:8
 Shoals (0/4) Lair:3        Snake (0/4) Lair:2        Slime (0/5) Lair:4
    Orc (0/2) D:10          Sewer (visited)

Altars:
Ashenzari
Cheibriados
Dithmenos
Fedhas
Gozag
Hepliaklqana
Kikubaaqudgha
Makhleb
Nemelex Xobeh
Okawaru
Qazlal
Ru
Sif Muna
Trog
Uskayaw
Vehumet
Wu Jian
Xom
Yredelemnul
Jiyva

Shops:
D:5 :

Annotations:
Lair:3 2 transporters


Innate Abilities, Weirdness & Mutations

You have hoof-like feet.
You regenerate magic rapidly.
When seriously injured, your blood forms very thick armour. (AC +12)


Message History

You block the death yak's attack. The death yak gores you!
You take 11 damage, and have 35/98 hp.
You spin and attack the cane toad.
You slash the cane toad!
The cane toad is moderately wounded.
You block the cane toad's attack.
You spin and attack the death yak.
You completely miss the death yak.
You spin and attack the death yak.
You slash the death yak!
The death yak is heavily wounded.
You block the death yak's attack.
You spin and attack the death yak.
You barely miss the death yak.
You spin to attack the death yak, but your attack speed is too slow for a blow to land.
The death yak gores you!
* * * LOW HITPOINT WARNING * * *
The death yak gores you!!
* * * LOW HITPOINT WARNING * * *
You take 30 damage, and have 7/98 hp.
MASSIVE DAMAGE!!
You spin to attack the cane toad, but your attack speed is too slow for a blow to land.
The cane toad stings you but does no damage.
You spin and attack the cane toad.
You barely miss the cane toad.
The cane toad is moderately wounded.
You spin and attack the death yak.
You hit the death yak.
The death yak is heavily wounded.
You block the cane toad's attack.
You regained 2 hp, and now have 10/98 hp.
You spin and attack the death yak.
You slice the death yak!!
The death yak is almost dead.
The death yak misses you. The cane toad stings you.
* * * LOW HITPOINT WARNING * * *
You take 5 damage, and have 5/98 hp.
You spin and attack the death yak.
You slice the death yak!!
The death yak is moderately wounded.
You spin and attack the death yak.
You slice the death yak!!
You kill the death yak!
The Council accepts your kill. You block the death yak's attack.
Your Shields skill increases to level 12!
You spin and attack the cane toad.
You slice the cane toad!!
The cane toad is severely wounded.
The cane toad stings you!
You die...

...................##
...................#
...................#
..##...............##
.####..####....##..P#
.#.....# #.#.###...#
...#...####..#.###.##
..##....##....YF...#
..##....##>...Y.@..#
.####...#.#.#####..#
## #.....##.####.#.#
.####....##'.#...#.##
....................##
.....................#
...<...............#.#
...................###
#.##..............>.##


You could see 2 death yaks and a cane toad.

Vanquished Creatures
  Snorg (Lair:3)
  A hydra (Lair:3)
  2 boulder beetles
  7 death yaks
  A two-headed ogre (D:10)
  2 manticores
  A black mamba (Lair:2)
  Maggie (D:8)
  A torpor snail (Lair:4)
  5 cane toads
  3 rime drakes
  8 komodo dragons
  A kobold demonologist (D:10)
  2 trolls
  2 hornets
  4 polar bears
  A wind drake (Lair:3)
  Prince Ribbit (D:9)
  Grinder (D:4)
  2 dream sheep (Lair:4)
  A dream sheep (shapeshifter) (D:10)
  17 blink frogs
  A vampire (D:10)
  A slime creature (Lair:4)
  Eustachio (D:4)
  Sigmund (D:4)
  6 wyverns
  21 yaks
  A basilisk (Lair:1)
  Edmund (D:4)
  6 nagas (Lair:2)
  A warg (D:10)
  Duvessa (D:5)
  16 water moccasins
  An acid dragon (D:10)
  A black bear (D:6)
  3 orc warriors
  A sky beast (D:7)
  An ice beast (D:7)
  21 wolves
  6 ogres
  3 centaurs
  2 phantoms
  7 kobold brigands
  Blork the orc (D:5)
  10 bullfrogs
  2 gnoll sergeants
  2 scorpions
  18 wights
  The ghost of nidavellir the Trooper, a weakling MiBe of Trog (D:3)
  Dowan (D:5)
  9 killer bees
  An electric eel (D:7)
  2 howler monkeys
  4 hounds
  4 jellies
  4 orc priests
  An iron imp (D:5)
  2 gnoll boudas
  7 orc wizards
  Ijyb (D:5)
  6 iguanas
  27 gnolls
  16 adders
  2 shadow imps
  3 white imps
  An ufetubus (D:5)
  8 worms
  3 dart slugs
  15 orcs
  11 ball pythons
  13 endoplasms
  A giant cockroach (D:3)
  6 hobgoblins
  7 jackals
  21 kobolds
  2 quokkas
  7 bats
  A frilled lizard (D:2)
  9 goblins
  6 rats
403 creatures vanquished.

Vanquished Creatures (others)
  14 fungi
  55 plants
69 creatures vanquished.

Grand Total: 472 creatures vanquished

Notes
Turn   | Place    | Note
-------+----------+-------------------------------------------
     0 | D:1      | Dirtsage the Demonspawn Gladiator began the quest for the
                  | Orb.
     0 | D:1      | Reached XP level 1. HP: 16/16 MP: 1/1
    87 | D:1      | Reached skill level 3 in Long Blades
   323 | D:1      | Gained mutation: You regenerate magic rapidly. [demonic
                  | ancestry]
   323 | D:1      | Reached XP level 2. HP: 18/21 MP: 2/2
   874 | D:2      | Reached XP level 3. HP: 23/27 MP: 3/3
   889 | D:2      | Reached skill level 4 in Long Blades
  1482 | D:3      | Found a sparkling altar of Nemelex Xobeh.
  1735 | D:3      | Found a runed translucent gate.
  1736 | D:3      | Found a runed translucent gate.
  1736 | D:3      | Noticed nidavellir's ghost (weakling MiBe)
  1736 | D:3      | Noticed a kobold brigand
  1737 | D:3      | Found a runed translucent gate.
  1782 | D:3      | Reached XP level 4. HP: 33/33 MP: 4/4
  1866 | D:3      | You fall into a shaft and drop 1 floor!
  1949 | D:4      | Found a blossoming altar of Fedhas.
  1964 | D:4      | Noticed Sigmund
  1978 | D:4      | Killed Sigmund
  1979 | D:4      | Reached skill level 5 in Long Blades
  1979 | D:4      | Reached XP level 5. HP: 33/38 MP: 5/5
  2164 | D:4      | Found the +12 glaive of Prune {freeze, Prune}
  2178 | D:4      | Found a glowing drain.
  2179 | D:4      | Noticed Edmund
  2179 | D:4      | Noticed Eustachio
  2179 | D:4      | Noticed Grinder
  2195 | D:4      | Reached skill level 6 in Long Blades
  2205 | D:4      | Killed Edmund
  2206 | D:4      | Gained mutation: When seriously injured, your blood forms
                  | armour. (AC +12) [demonic ancestry]
  2206 | D:4      | Reached XP level 6. HP: 29/44 MP: 6/6
  2233 | D:4      | Killed Grinder
  2234 | D:4      | Reached skill level 7 in Long Blades
  2234 | D:4      | Gained mutation: You have large cloven feet. [demonic
                  | ancestry]
  2234 | D:4      | Reached XP level 7. HP: 31/50 MP: 7/7
  2241 | D:4      | Killed Eustachio
  2242 | D:4      | Reached skill level 8 in Long Blades
  2450 | Sewer    | Entered a sewer
  2922 | Sewer    | Gained mutation: You have hoof-like feet. [demonic
                  | ancestry]
  2922 | Sewer    | Reached XP level 8. HP: 15/57 MP: 8/8
  3387 | Sewer    | Reached skill level 9 in Long Blades
  4066 | D:3      | Found a basalt altar of Yredelemnul.
  4395 | D:3      | Killed nidavellir's ghost
  4651 | D:4      | Found a hide-covered altar of Uskayaw.
  4783 | D:4      | Found a staircase to the Ecumenical Temple.
  4792 | Temple   | Entered the Ecumenical Temple
  5169 | D:5      | Entered Level 5 of the Dungeon
  5220 | D:5      | Found a snail-covered altar of Cheibriados.
  5259 | D:5      | Noticed Duvessa
  5259 | D:5      | Noticed Dowan
  5292 | D:5      | Killed Duvessa
  5300 | D:5      | Killed Dowan
  5618 | D:5      | Noticed Ijyb
  5629 | D:5      | Killed Ijyb
  5630 | D:5      | Reached XP level 9. HP: 61/65 MP: 9/9
  5684 | D:5      | Noticed Blork the orc
  5698 | D:5      | Killed Blork the orc
  5699 | D:5      | Reached skill level 10 in Long Blades
  5699 | D:5      | Saving game... please wait.
  5758 | D:5      | Found an ancient bone altar of Kikubaaqudgha.
  5850 | D:5      | Found the +6 shillelagh "Devastator" {shatter}
  6048 | D:5      | Found Boarghax's Book Boutique.
  6795 | D:6      | Reached skill level 5 in Fighting
  6795 | D:6      | Reached skill level 5 in Dodging
  7299 | D:6      | Reached skill level 1 in Shields
  7593 | D:6      | Reached skill level 11 in Long Blades
  8110 | D:7      | Gained mutation: When seriously injured, your blood forms
                  | thick armour. (AC +12) [demonic ancestry]
  8110 | D:7      | Reached XP level 10. HP: 57/76 MP: 10/10
  8359 | D:7      | Found a stormy altar of Qazlal.
  9122 | D:7      | Found an ornate altar of the Wu Jian Council.
  9142 | D:7      | Became a worshipper of the Wu Jian Council
  9674 | D:8      | Found a flagged portal.
  9745 | D:8      | Noticed a boulder beetle
  9815 | D:8      | Killed a boulder beetle
 10079 | D:8      | Found a sacrificial altar of Ru.
 10175 | D:8      | Found a staircase to the Lair.
 10176 | D:8      | Noticed Maggie
 10201 | D:8      | Killed Maggie
 10202 | D:8      | Reached skill level 5 in Shields
 10211 | D:8      | HP: 3/77 [orc priest/nerve-wracking pain (12)]
 10500 | D:8      | Reached skill level 12 in Long Blades
 10985 | D:9      | Noticed Prince Ribbit
 11004 | D:9      | Killed Prince Ribbit
 11305 | D:9      | Identified a scroll of acquirement
 11306 | D:9      | Acquired the +0 double sword of the Valley of Death {heavy,
                  | Int+3}
 11346 | D:9      | Reached * piety under Wu Jian
 11347 | D:9      | Noticed a manticore
 11405 | D:9      | Killed a manticore
 11406 | D:9      | Gained mutation: When seriously injured, your blood forms
                  | very thick armour. (AC +12) [demonic ancestry]
 11406 | D:9      | Reached XP level 11. HP: 9/84 MP: 11/11
 11653 | D:9      | Found a shimmering blue altar of Sif Muna.
 11769 | D:10     | Entered Level 10 of the Dungeon
 12040 | D:10     | Found a staircase to the Orcish Mines.
 12088 | D:10     | Reached ** piety under Wu Jian
 12121 | D:10     | a yak changed into a glowing shapeshifter
 12121 | D:10     | Noticed a glowing shapeshifter (glowing shapeshifter)
 12121 | D:10     | a glowing shapeshifter changed into a lindwurm
 12121 | D:10     | Noticed a lindwurm (glowing shapeshifter)
 12126 | D:10     | a lindwurm changed into a faun
 12370 | D:10     | Noticed a two-headed ogre
 12381 | D:10     | Killed a two-headed ogre
 13338 | Lair:1   | Entered Level 1 of the Lair of Beasts
 13350 | Lair:1   | Reached skill level 13 in Long Blades
 13788 | Lair:1   | Noticed a boulder beetle
 13846 | Lair:1   | Killed a boulder beetle
 14506 | Lair:1   | Reached XP level 12. HP: 61/92 MP: 12/12
 15008 | Lair:2   | Reached *** piety under Wu Jian
 15224 | Lair:2   | Reached skill level 14 in Long Blades
 15742 | Lair:2   | Found a staircase to the Snake Pit.
 16025 | Lair:2   | Identified the +7 morningstar of Eternal Vigilance {vamp,
                  | Int+3 Dex+4}
 16377 | Lair:3   | Noticed Snorg
 16392 | Lair:3   | HP: 3/92 [Snorg (4)]
 16396 | Lair:3   | Killed Snorg
 16397 | Lair:3   | Reached skill level 10 in Shields
 16698 | Lair:3   | Noticed an eight-headed hydra
 16722 | Lair:3   | Killed an eight-headed hydra
 16812 | Lair:3   | Found a staircase to the Shoals.
 17105 | Lair:3   | Found a transporter.
 17105 | Lair:3   | Found a transporter.
 17106 | Lair:3   | Noticed a boulder beetle
 17341 | Lair:4   | Noticed a death yak
 17341 | Lair:4   | Noticed a death yak
 17342 | Lair:4   | Noticed a death yak
 17354 | Lair:3   | Killed a death yak
 17355 | Lair:3   | Reached skill level 15 in Long Blades
 17359 | Lair:3   | Killed a death yak
 17393 | Lair:4   | Killed a death yak
 17517 | Lair:4   | Found a staircase to the Slime Pits.
 17520 | Lair:4   | Reached XP level 13. HP: 98/98 MP: 13/13
 17523 | Lair:4   | Reached **** piety under Wu Jian
 17532 | Lair:4   | Found a viscous altar of Jiyva.
 18323 | Lair:5   | Entered Level 5 of the Lair of Beasts
 18486 | Lair:4   | Slain by a cane toad

Illustrated notes

Levels and vault maps discovered:
D:1:      mainiacjoe_arrival_reflecting_pool, layout_basic
D:2:      layout_loops_cross, chequers_serial_rivers_micro_d
D:3:      layout_basic, lemuel_crystal_altar, lemuel_crystal_altar,
          mainiacjoe_overflow_boulevard, gammafunk_ghost_nasty_kobolds,
          minivault_14
D:4:      layout_loops_ring, fedhas_ov_isle_minmay, general_overflow_altar,
          minmay_temple_entry_gardened_gates, cheibrodos_sewer_entry_sluice,
          uniq_sigmund, uniq_edmund, uniq_grinder, uniq_eustachio
D:5:      layout_gridville, mainiacjoe_overflow_paths, slow_altar_1,
          serial_shops, shop, dilly_guarded_unrand_devastator,
          uniq_blork_the_orc, uniq_duvessa, uniq_ijyb
D:6:      layout_basic, mainiacjoe_overflow_brackets
D:7:      layout_basic, nicolae_qazlal_scattered_showers, old_standard_altar,
          lightli_minifort
D:8:      layout_loops_ring, mainiacjoe_overflow_chevrons, lair_entry_dummy,
          enter_bailey_8, uniq_maggie
D:9:      layout_basic, mainiacjoe_overflow_tiny_flanked, uniq_prince_ribbit1
D:10:     layout_basic, david_orc_3, chequers_serial_rivers_large_b
Temple:   hellmonk_temple_flake
Lair:1:   layout_gridlike
Lair:2:   layout_loops_ring, minmay_snake_entry_guardpost_medium
Lair:3:   gammafunk_boulding_lane, layout_hall_layers,
          minmay_shoals_entry_beasts, dreamdust_deal_with_the_devil, uniq_snorg
Lair:4:   layout_regular_city, minmay_slime_entry_pillars
Lair:5:   hangedman_lair_tendril_chambers, layout_long_grid,
          guppyfry_lair_end_dragon

Skill      XL: |  1  2  3  4  5  6  7  8  9 10 11 12 13 |
---------------+----------------------------------------+-----
Long Blades    | 3 4 5 6 7 8 9 11 12 13 15 | 15.7
Dodging        | 3 4 5 |  5.2
Fighting       | 4 5 7 |  7.8
Shields        | 3 6 8 11 12 | 12.0
Throwing       | |  1.7

Action                     |  1- 3 |  4- 6 |  7- 9 | 10-12 | 13-15 || total
---------------------------+-------+-------+-------+-------+-------++-------
  Melee: Long sword        |   104 |    74 |   689 |   846 |       ||  1713
         Punch             |       |     1 |     6 |       |       ||     7
         Scimitar          |       |       |       |   175 |       ||   175
         Short sword       |       |       |       |    17 |       ||    17
         Double sword      |       |       |       |    72 |   155 ||   227
  Throw: Throwing net      |       |     1 |       |       |       ||     1
Ability: Lunge             |       |       |       |    29 |     8 ||    37
         Whirlwind         |       |       |       |   160 |   107 ||   267
  Evoke: Wand              |       |     4 |     1 |    17 |       ||    22
    Use: Potion            |       |     3 |     1 |     2 |       ||     6
         Scroll            |       |       |       |    17 |     4 ||    21
   Stab: Sleeping          |     1 |       |     2 |       |       ||     3
         Paralysed         |       |     7 |       |    20 |       ||    27
         Confused          |       |       |       |     4 |       ||     4
         Invisible         |       |       |       |     2 |       ||     2
 Armour: Leather armour    |     7 |       |    81 |    47 |       ||   135
         Ring mail         |    38 |    34 |   119 |       |       ||   191
         Swamp dragon scal |       |       |       |   159 |       ||   159
         Troll leather arm |       |       |       |    41 |    44 ||    85
  Dodge: Dodged            |    61 |    47 |   364 |   368 |    74 ||   914
         Repelled          |       |       |       |     5 |     1 ||     6
  Block: Kite shield       |       |       |    66 |   588 |   126 ||   780

Table legend: (Time is in decaauts)
 A = Elapsed time spent in this place.
 B = Non-inter-level travel time spent in this place.
 C = Inter-level travel time spent in this place.
 D = Time resting spent in this place.
 E = Time spent auto-exploring this place.
 F = Levels seen in this place.
 G = Mean time per level.
                   A        B        C        D        E       F      G
               +--------+--------+--------+--------+--------+-----+--------+
         Total |  18600 |  17841 |    759 |    429 |  13750 |  17 | 1094.1 |
       Dungeon |  12120 |  11563 |    557 |      0 |   9182 |  10 | 1212.0 |
        Temple |    152 |    143 |      9 |      0 |    129 |   1 |  152.0 |
          Lair |   5118 |   4925 |    193 |    375 |   3530 |   5 | 1023.6 |
         Sewer |   1209 |   1209 |      0 |     54 |    909 |   1 | 1209.0 |
               +--------+--------+--------+--------+--------+-----+--------+

Top non-repeatable levels by time:
     D:7: 1769 daAuts
    D:10: 1543 daAuts
  Lair:1: 1439 daAuts
     D:8: 1390 daAuts
     D:5: 1383 daAuts
     D:3: 1320 daAuts
  Lair:2: 1313 daAuts
  Lair:3: 1242 daAuts
     D:6: 1225 daAuts
   Sewer: 1209 daAuts
     D:4: 1151 daAuts
  Lair:4: 1066 daAuts
     D:9: 838 daAuts
     D:1: 818 daAuts
     D:2: 680 daAuts
